Map: Cañón atribulado

Players

BixoFisico

  • Race: Terran Terran
  • League: Silver
  • Spawn Location: 6:00

deLoli

  • Race: Protoss Protoss
  • Spawn Location: 7:00

DeCasada

  • Race: Terran Terran
  • Spawn Location: 6:00

TATORREA - Winner!

  • Race: Protoss Protoss
  • League: Gold
  • Spawn Location: 12:00

tigro - Winner!

  • Race: Terran Terran
  • League: Bronze
  • Spawn Location: 12:00

MrFercho - Winner!

  • Race: Zerg Zerg
  • League: Silver
  • Spawn Location: 3:00

VOD

Have the link to the VOD?

Description

Time

  • Played on: June 30, 2020, 9:44 p.m.
  • Length: 7:50
Show
View Real Time Build Order
Export as new Build Order

BixoFisico Terran 

Build Orders:  

Get SALT Encoding   

  12  0:20  SCV  
  13  0:34  Supply Depot  
  13  0:35  SCV  
  14  0:46  Supply Depot  
  14  0:47  SCV  
  15  1:01  Barracks  
  15  1:19  Barracks  
  15  1:33  SCV  
  15  1:35  Refinery  
  15  1:38  Refinery  
  16  1:45  SCV  
  17  2:02  Barracks  
  17  2:22  Marine x2  
  19  2:25  SCV  
  20  2:37  SCV  
  20  2:41  Marine  
  22  2:45  Command Center  
  22  2:49  Marine x2, SCV  
  25  3:05  Factory  
  25  3:06  SCV  
  25  3:09  Marine  
  27  3:26  Marine x2  
  29  3:30  Marine  
  29  3:33  SCV  
  31  3:56  Marine x3  
  31  3:58  Supply Depot  
  31  4:01  Supply Depot x2  
  34  4:14  Engineering Bay  
  34  4:20  SCV  
  34  4:23  Engineering Bay  
  35  4:24  SCV  
  36  4:45  Marine  
  36  4:52  Terran Infantry Armor Level 1, Terran Infantry Weapons Level 1  
  39  4:56  Barracks Tech Lab  
  37  5:03  Barracks Reactor  
  37  5:04  Barracks Reactor  
  37  5:23  Combat Shield  
  37  5:34  Starport  
  37  5:38  SCV  
  37  5:40  SCV  
  39  5:43  Refinery  
  39  5:46  Refinery  
  39  5:50  SCV  
  39  5:52  SCV  
  41  6:04  SCV  
  42  6:15  Command Center, SCV  
  42  6:16  SCV  
  42  6:17  Medivac  
  46  6:28  SCV  
  46  6:31  SCV  
  48  6:40  SCV  
  48  6:43  SCV  
  48  6:44  Starport  
  50  6:51  Armory  
  50  7:00  Marine  
  50  7:01  Marine x4  
  40  7:19  Marine  
  42  7:25  Marine  
Show
View Real Time Build Order
Export as new Build Order

deLoli Protoss 

Build Orders: 1 Gate Expand, Colossus Rush 

Get SALT Encoding   

  12  0:01  Probe  
  13  0:15  Pylon, Probe  
  14  0:23  Probe  
  15  0:33  Probe  
  16  0:45  Probe  
  16  0:47  Gateway  
  17  0:59  Assimilator  
  17  1:02  Probe  
  18  1:04  Assimilator  
  18  1:14  Probe  
  19  1:30  Probe  
  19  1:36  Nexus  
  19  1:38  Probe  
  21  1:50  Pylon  
  21  1:56  Probe  
  22  2:09  Probe  
  22  2:10  Cybernetics Core  
  23  2:20  Probe  
  23  2:22  Forge  
  24  2:28  Assimilator, Probe  
  24  2:33  Assimilator  
  24  2:36  Probe  
  26  2:45  Probe  
  27  2:53  Probe  
  27  2:54  Probe  
  29  3:03  Probe  
  29  3:06  Probe  
  31  3:15  Probe  
  31  3:18  Probe  
  33  3:22  Stargate  
  33  3:27  Probe x2  
  33  3:29  Stargate  
  35  3:35  Probe  
  35  3:41  Robotics Facility  
  36  3:45  Probe  
  37  3:50  Twilight Council  
  37  3:56  Pylon  
  37  4:04  Gateway  
  37  4:07  Gateway  
  37  4:10  Probe  
  37  4:12  Pylon  
  37  4:13  Probe  
  38  4:19  Probe  
  38  4:22  Probe  
  40  4:26  Void Ray  
  40  4:28  Probe  
  46  4:31  Probe  
  46  4:32  Zealot  
  46  4:33  Charge  
  49  4:40  Probe  
  49  4:43  Probe  
  51  4:50  Pylon  
  51  4:55  Probe  
  51  4:56  Fleet Beacon  
  52  5:03  Robotics Bay  
  52  5:07  Robotics Facility  
  52  5:18  Probe  
  52  5:23  Probe, Nexus  
  52  5:26  Probe  
  54  5:31  Probe  
  55  5:35  Pylon  
  55  5:36  Probe  
  55  5:39  Pylon  
  55  5:41  Probe  
  55  5:42  Pylon  
  58  5:50  Colossus  
  58  5:55  Void Ray  
  68  6:03  Unknown  
  68  6:08  Colossus  
  74  6:21  Photon Cannon  
  74  6:23  Photon Cannon  
  74  6:24  Photon Cannon  
  74  6:28  Photon Cannon  
  74  6:33  Assimilator  
  74  6:37  Assimilator  
  74  6:38  Probe  
  74  6:42  Probe  
  74  6:46  Probe  
  76  6:50  Probe  
  77  6:56  Zealot x3  
  77  7:00  Probe  
  84  7:04  Void Ray  
  95  7:12  Probe  
  80  7:24  Probe  
Show
View Real Time Build Order
Export as new Build Order

DeCasada Terran 

Build Orders:  

Get SALT Encoding   

  12  0:12  Supply Depot  
  12  0:21  Refinery  
  12  0:22  SCV  
  13  0:43  Barracks, SCV  
  14  1:01  SCV  
  15  1:08  Refinery  
  15  1:13  SCV  
  16  1:24  Engineering Bay  
  16  1:34  Barracks Reactor  
  16  1:46  SCV  
  17  1:50  Engineering Bay  
  17  1:55  Terran Infantry Weapons Level 1  
  17  2:11  Marine x2  
  19  2:17  Terran Infantry Armor Level 1  
  19  2:28  Factory  
  19  2:33  Marine  
  19  2:34  Marine  
  21  3:04  Barracks  
  21  3:25  Barracks  
  21  3:51  Marine x2  
  23  3:57  Armory  
  23  4:28  Barracks  
  23  4:42  Barracks Reactor  
  23  4:52  Supply Depot  
  23  5:14  Marine x2  
  23  5:15  Supply Depot  
  23  5:20  Command Center  
  25  5:24  Barracks Reactor  
  25  5:28  Barracks  
  25  5:59  SCV  
  26  6:15  Orbital Command  
  26  6:20  Barracks Tech Lab  
  26  6:38  SCV  
  27  6:50  SCV  
  28  7:02  SCV  
  29  7:14  SCV  
  25  7:27  Marine, SCV  
  25  7:28  Marine x6  
Show
View Real Time Build Order
Export as new Build Order

TATORREA Protoss - Winner!

Build Orders: Colossus Rush 

Get SALT Encoding   

  12  0:01  Probe  
  13  0:14  Probe  
  14  0:22  Pylon  
  14  0:26  Probe  
  15  0:40  Probe  
  16  0:42  Gateway  
  16  0:54  Probe  
  16  0:55  Assimilator  
  17  1:06  Probe  
  18  1:18  Probe  
  19  1:30  Probe, Cybernetics Core  
  20  1:36  Gateway  
  20  1:42  Pylon, Probe  
  20  1:45  Assimilator  
  21  1:54  Probe  
  22  2:06  Probe  
  23  2:18  Probe  
  24  2:23  Nexus  
  24  2:27  Pylon  
  24  2:30  Probe  
  24  2:36  Warp Gate  
  25  2:39  Probe  
  26  2:48  Probe  
  26  2:51  Robotics Facility  
  27  3:01  Stalker  
  29  3:07  Stalker  
  29  3:10  Probe  
  32  3:22  Probe  
  33  3:32  Sentry  
  35  3:34  Probe  
  35  3:37  Stalker  
  35  3:38  Probe  
  39  3:47  Immortal  
  43  3:51  Probe  
  43  3:52  Probe  
  45  4:03  Probe  
  45  4:04  Probe  
  47  4:10  Assimilator  
  47  4:14  Assimilator  
  47  4:15  Probe  
  49  4:17  Probe  
  49  4:18  Pylon  
  49  4:21  Pylon  
  49  4:26  Observer  
  49  4:27  Robotics Bay  
  49  4:28  Probe  
  49  4:29  Probe  
  52  4:36  Stalker  
  52  4:38  Stalker  
  56  4:42  Probe x2  
  58  4:55  Probe x2  
  60  5:06  Nexus  
  60  5:08  Pylon  
  60  5:10  Probe  
  60  5:12  Pylon  
  60  5:13  Probe  
  62  5:15  Extended Thermal Lance  
  62  5:28  Probe x2  
  64  5:32  Colossus  
  70  5:46  Pylon  
  70  5:47  Probe  
  70  5:48  Probe  
  72  5:52  Pylon  
  72  5:55  Pylon  
  72  6:00  Probe x2  
  74  6:10  Forge  
  74  6:11  Assimilator  
  74  6:12  Probe x2  
  74  6:13  Forge  
  74  6:14  Forge  
  74  6:15  Sentry  
  74  6:16  Sentry  
  74  6:18  Probe  
  81  6:24  Probe  
  82  6:34  Colossus  
  88  6:54  Stalker x2  
Show
View Real Time Build Order
Export as new Build Order

tigro Terran - Winner!

Build Orders:  

Get SALT Encoding   

  12  0:03  SCV  
  13  0:15  SCV  
  14  0:23  Supply Depot  
  14  0:27  SCV  
  15  0:45  SCV  
  15  0:48  Barracks  
  16  0:57  SCV  
  16  1:01  Refinery  
  17  1:09  SCV  
  17  1:10  Supply Depot  
  18  1:21  SCV  
  19  1:33  SCV  
  19  1:34  Refinery  
  19  1:35  Marine  
  21  1:45  SCV  
  22  1:53  Marine  
  22  1:54  Barracks  
  23  1:59  SCV  
  24  2:11  Marine, SCV  
  26  2:29  Marine  
  27  2:42  Orbital Command  
  27  2:43  Factory  
  27  2:46  Barracks Reactor  
  27  2:47  Marine  
  28  3:16  Barracks Tech Lab  
  28  3:25  Engineering Bay  
  28  3:38  Factory Tech Lab  
  28  3:50  Starport  
  28  3:53  Marine x3  
  31  4:03  Command Center  
  31  4:06  Siege Tank  
  34  4:11  Marine x3  
  34  4:13  Terran Infantry Weapons Level 1  
  37  4:27  Starport  
  37  4:28  Marine  
  38  4:34  Combat Shield  
  38  4:53  Medivac  
  40  5:17  Refinery  
  40  5:23  SCV  
  42  5:35  SCV  
  42  5:36  Refinery  
  42  5:47  SCV  
  43  5:53  Stimpack  
  43  5:59  SCV  
  44  6:06  Fusion Core  
  44  6:09  Starport Tech Lab x2  
  44  6:12  SCV  
  45  6:29  SCV  
  46  6:40  Supply Depot  
  46  6:41  SCV  
  47  6:53  SCV  
  48  6:54  Armory  
  48  7:05  SCV  
  48  7:06  Supply Depot  
  49  7:13  Marine x3  
  52  7:17  SCV  
  53  7:29  Supply Depot  
  53  7:31  Marine x3  
Show
View Real Time Build Order
Export as new Build Order

MrFercho Zerg - Winner!

Build Orders: Pool First 

Get SALT Encoding   

  12  0:01  Drone  
  13  0:24  Spawning Pool  
  13  0:28  Drone  
  14  0:35  Drone  
  14  0:40  Overlord  
  14  1:12  Zergling x2  
  14  1:13  Zergling x2  
  14  1:14  Hatchery  
  14  1:18  Zergling x2  
  16  1:31  Drone  
  17  1:34  Drone  
  18  1:44  Drone  
  19  2:02  Extractor, Drone  
  19  2:05  Queen  
  21  2:10  Drone  
  22  2:16  Extractor  
  22  2:19  Zergling x2  
  22  2:29  Drone x2  
  24  2:38  Drone  
  24  2:39  Drone  
  26  2:51  Drone x2  
  28  2:59  Overlord  
  28  3:08  Metabolic Boost  
  28  3:12  Overlord  
  28  3:20  Hatchery  
  28  3:24  Drone x5  
  32  3:36  Drone  
  32  3:37  Drone x2  
  35  3:48  Queen  
  35  3:52  Zergling x6  
  35  3:54  Zergling x2  
  41  4:03  Lair  
  41  4:05  Zergling x2  
  41  4:08  Zergling x2  
  43  4:10  Zergling x2  
  44  4:27  Overlord  
  44  4:28  Overlord x2  
  44  4:36  Drone x4  
  48  4:42  Drone x2  
  50  4:50  Zergling x4  
  52  5:07  Nydus Network  
  52  5:08  Extractor  
  52  5:10  Extractor  
  52  5:13  Overseer  
  49  5:16  Drone x7  
  49  5:17  Drone  
  57  5:28  Baneling Nest, Drone  
  58  5:31  Zergling x2  
  58  5:32  Zergling x4  
  60  5:48  Evolution Chamber  
  59  5:50  Spire  
  58  6:26  Nydus Canal  
  58  6:50  Baneling x11  
  58  6:52  Zergling x2  
  58  6:53  Zergling x28  
Tags
 
Add a new tag
Caveats
  • Supply blocks, unpowered buildings, or Contaminate may cause inaccurate times.
  • Supply counts are checked every 10 seconds.